Map: Ruby Rock LE

Players

srnak - Winner!

  • Race: Zerg Zerg
  • Spawn Location: 11:00

VOD

Have the link to the VOD?

Description

Time

  • Played on: Jan. 1, 2026, 12:37 a.m.
  • Length: 22:19
Show
View Real Time Build Order
Export as new Build Order

srnak Zerg - Winner!

Build Orders:  

Get SALT Encoding   

  12  0:11  Overlord  
  12  0:22  Drone  
  12  0:24  Drone  
  14  0:34  Extractor  
  14  0:36  Drone  
  14  0:45  Drone  
  16  0:59  Drone  
  17  1:16  Drone  
  18  1:26  Hatchery  
  18  1:27  Drone  
  18  1:49  Spawning Pool  
  17  1:51  Overlord  
  17  2:02  Extractor  
  17  2:04  Drone  
  17  2:16  Drone  
  18  2:27  Drone  
  19  2:42  Drone  
  20  2:54  Queen  
  20  2:57  Drone  
  23  3:09  Queen  
  25  3:10  Drone  
  25  3:15  Overlord  
  26  3:22  Drone  
  27  3:30  Drone  
  27  3:38  Drone  
  29  3:44  Drone, Queen  
  32  3:58  Drone  
  33  4:02  Overlord  
  33  4:11  Drone, Queen  
  33  4:16  Drone  
  37  4:32  Spine Crawler  
  37  4:39  Spine Crawler  
  35  4:42  Drone x2  
  35  4:43  Drone x2  
  39  4:55  Drone x4, Extractor  
  39  4:58  Drone  
  39  4:59  Extractor  
  42  5:01  Lair  
  42  5:10  Queen  
  44  5:25  Drone  
  44  5:26  Drone  
  44  5:27  Drone  
  47  5:34  Extractor  
  46  5:44  Drone x3  
  46  5:48  Roach Warren  
  48  5:59  Baneling Nest  
  47  6:05  Drone x2  
  49  6:17  Infestation Pit  
  48  6:20  Zergling x2  
  48  6:21  Spire, Zergling x2  
  49  6:36  Queen  
  49  6:38  Drone  
  52  6:45  Overlord x4  
  52  7:19  Drone x3  
  55  7:26  Hatchery, Queen  
  55  7:27  Drone  
  57  7:33  Extractor  
  56  7:59  Drone  
  57  8:00  Drone  
  57  8:03  Infestor x2  
  62  8:10  Zergling x8  
  62  8:11  Zergling x4  
  62  8:16  Queen  
  70  8:23  Drone  
  70  8:24  Drone  
  70  8:27  Overlord  
  70  8:28  Overlord x2  
  72  8:41  Hive  
  72  9:06  Queen  
  74  9:20  Hatchery  
  73  9:55  Drone x3  
  73  9:58  Drone  
  73  9:59  Overlord x5  
  77  10:07  Zergling x2  
  77  10:08  Zergling x8  
  80  10:34  Extractor  
  66  11:06  Zergling x2  
  66  11:07  Zergling x12  
  66  11:08  Zergling x12  
  79  11:33  Drone  
  79  11:34  Drone x2  
  79  11:35  Queen  
  84  11:42  Zergling x6  
  84  11:46  Drone x3  
  90  11:59  Drone  
  91  12:22  Drone x2  
  91  12:25  Queen  
  91  12:28  Infestor x3  
  91  12:29  Infestor  
  103  12:33  Drone x2  
  103  12:34  Drone  
  103  12:36  Queen  
  108  12:43  Extractor  
  108  12:47  Drone  
  108  12:53  Zergling x2  
  108  12:54  Zergling x6  
  112  13:06  Drone x2  
  114  13:13  Extractor  
  113  13:26  Queen  
  113  13:29  Drone x2  
  117  13:30  Drone x3  
  117  13:31  Drone  
  121  13:52  Spire, Ultralisk Cavern  
  121  13:55  Zerg Flyer Armor Level 1  
  121  13:59  Zergling x2  
  120  14:00  Zergling x20  
  120  14:01  Zergling x12  
  136  14:14  Infestor x3  
  136  14:16  Zergling x2  
  136  14:17  Zergling x2  
  144  14:21  Overlord x3  
  144  14:42  Metabolic Boost  
  144  14:58  Drone x2  
  146  15:01  Ultralisk x2  
  146  15:02  Ultralisk  
  146  15:05  Overlord  
  146  15:06  Overlord x2  
  164  15:41  Overlord x4  
  164  15:42  Overlord x3  
  126  16:35  Zerg Flyer Weapons Level 1  
  126  16:44  Ultralisk x2  
  126  16:45  Ultralisk x2  
  150  16:51  Zergling x2  
  150  16:52  Adrenal Overload, Zergling x6  
  154  17:17  Greater Spire  
  154  17:22  Corruptor  
  154  17:23  Corruptor x5  
  154  17:24  Corruptor x4  
  154  17:25  Corruptor x5  
  154  17:26  Corruptor x2  
  188  17:32  Hatchery  
  188  17:36  Extractor  
  188  17:39  Extractor  
  185  17:42  Overlord x2  
  185  17:43  Overlord x2  
  185  18:02  Overseer, Chitinous Plating  
  185  19:12  Drone  
  185  19:13  Zergling x2  
  185  19:14  Zergling x20  
  197  19:32  Evolution Chamber  
  197  19:33  Evolution Chamber  
  195  20:02  Unknown  
Tags
 
Add a new tag
Caveats
  • Supply blocks, unpowered buildings, or Contaminate may cause inaccurate times.
  • Supply counts are checked every 10 seconds.